 Dungeon Crawl Stone Soup version 0.22.1-5-g62c59d919a (webtiles) character file.

286 Forgol the Ruffian (level 6, -4/59 HPs)
             Began as a Troll Berserker on Jan 16, 2019.
             Was a Priest of Trog.
             Slain by a hornet (16 damage)
             ... while paralysed by a hornet
             ... on level 7 of the Dungeon.
             The game lasted 00:08:53 (2445 turns).

Forgol the Ruffian (Troll Berserker)                Turns: 2445, Time: 00:08:53

Health: -4/59      AC:  6    Str: 28    XL:     6   Next: 8%
Magic:  5/5        EV:  1    Int:  3    God:    Trog [***...]
Gold:   141        SH:  0    Dex:  9    Spells: 5/5 levels left

rFire    . . .     SeeInvis .     - Unarmed
rCold    . . .     Gourm    +   (no shield)
rNeg     . . .     Faith    .   a - +0 animal skin
rPois    .         Spirit   .   (helmet restricted)
rElec    .         Reflect  .   g - +0 cloak
rCorr    .         Harm     .   (gloves unavailable)
MR       ++...                  (boots unavailable)
Stlth    +.........             (no amulet)
HPRegen  1.59/turn              h - +6 ring of evasion
MPRegen  0.09/turn              (no ring)

@: paralysed, lethally poisoned (-4 -> -5), berserk cooldown, regenerating,
slowed
A: large, unfitting armour, claws 3, fast metabolism 3, gourmand, regeneration
1, shaggy fur 1, tough skin 2
a: Berserk, Trog's Hand, Renounce Religion


You were on level 7 of the Dungeon.
You worshipped Trog.
Trog was most pleased with you.
You were very full.

You visited 1 branch of the dungeon, and saw 5 of its levels.

You collected 141 gold pieces.

Inventory:

Hand Weapons
 v - a +0 giant club
Missiles
 u - 17 stones (quivered)
Armour
 a - a +0 animal skin (worn)
 g - a +0 cloak (worn)
Jewellery
 h - a +6 ring of evasion (left claw)
Scrolls
 c - 3 scrolls of teleportation {unknown}
 d - 5 scrolls of identify
 f - 2 scrolls of enchant armour {unknown}
 j - 4 scrolls of remove curse {unknown}
 l - a scroll of amnesia {unknown}
 n - a scroll of noise {unknown}
 o - 2 scrolls of magic mapping {unknown}
 r - a scroll of enchant weapon {unknown}
 s - a scroll of fear {unknown}
Potions
 e - 4 potions of haste {unknown}
 i - a potion of brilliance {unknown}
 k - 4 potions of curing {unknown}
 m - 2 potions of mutation {unknown}
 p - a potion of lignification {unknown}
 t - 2 potions of ambrosia {unknown}
Comestibles
 b - 7 rations
 q - 4 chunks of flesh


   Skills:
 - Level 2.4 Fighting
 + Level 3.1 Throwing
 - Level 2.4 Dodging
 + Level 5.7 Unarmed Combat


You had 5 spell levels left.
You didn't know any spells.
Your spell library was empty.

Dungeon Overview and Level Annotations

Branches:
Dungeon (4/15)
 Temple: D:4-7

Altars:
Ashenzari
Qazlal
Sif Muna
Trog
Vehumet


Innate Abilities, Weirdness & Mutations

You are too large for most types of armour.
You have claws for hands.
Your metabolism is lightning-fast.
You like to eat raw meat.
Your natural rate of healing is unusually fast.
You are covered in fur. (AC +1)
You have very tough skin. (AC +2)


Message History

The hornet is almost dead.
The hornet stings you but does no damage.
The hornet stings you.
You feel as though you will be slow longer.
You scratch the hornet but do no damage.
The hornet is almost dead.
You feel sick. The hornet stings you!
You are more poisoned.
You feel as though you will be slow longer.
The hornet misses you.
You miss the hornet.
The hornet is almost dead.
You feel the effects of Trog's Hand fading.
You feel sick. The hornet stings you!
You suddenly lose the ability to move!
The hornet stings you!
* * * LOW HITPOINT WARNING * * *
You are more poisoned.
You shrug off the repeated paralysis!
You feel sick. The hornet stings you!
You die...

#.# #.#.# #.#.# #.#.#
#.# # #.#.# #.# #
######.#.# #.# #
#.###...##.#.######.#
#
#...(..@y...........#
#
#####...##..........#
#
########.######.####
#..........##
########.#.## #.#.##
#..... ######


You could see a hornet.

Vanquished Creatures
  An ogre (D:7)
  A crimson imp (D:7)
  An orc priest (D:3)
  An iguana (D:4)
  4 adders
  2 oozes (D:1)
  A worm (D:2)
  A dart slug (D:1)
  2 leopard geckos (D:2)
  4 orcs (D:3)
  3 giant cockroaches
  9 goblins
  6 hobgoblins
  4 jackals (D:2)
  A quokka (D:4)
  6 bats
  4 frilled lizards
  8 kobolds
  A quokka skeleton (D:4)
  4 rats
64 creatures vanquished.

Notes
Turn   | Place    | Note
-------+----------+-------------------------------------------
     0 | D:1      | Forgol the Troll Berserker began the quest for the Orb.
     0 | D:1      | Reached XP level 1. HP: 22/22 MP: 0/0
    37 | D:1      | Reached XP level 2. HP: 29/29 MP: 1/1
   146 | D:1      | Reached skill level 4 in Unarmed Combat
   175 | D:1      | Reached ** piety under Trog
   351 | D:1      | Reached XP level 3. HP: 21/36 MP: 2/2
   646 | D:2      | Found a stormy altar of Qazlal.
   831 | D:2      | Reached skill level 1 in Throwing
   867 | D:2      | Found a bloodstained altar of Trog.
  1115 | D:2      | You fall through a shaft for 2 floors!
  1121 | D:4      | Reached XP level 4. HP: 30/44 MP: 3/3
  1172 | D:4      | Found a deep blue altar of Sif Muna.
  1779 | D:3      | Reached skill level 5 in Unarmed Combat
  1781 | D:3      | Found a radiant altar of Vehumet.
  1790 | D:3      | Reached *** piety under Trog
  1953 | D:3      | Reached XP level 5. HP: 33/50 MP: 4/4
  2000 | D:3      | Found a shattered altar of Ashenzari.
  2334 | D:4      | You fall through a shaft for 3 floors!
  2393 | D:7      | Noticed an ogre
  2400 | D:7      | Killed an ogre
  2400 | D:7      | Reached XP level 6. HP: 59/59 MP: 5/5
  2430 | D:7      | Noticed a hornet
  2444 | D:7      | Paralysed by a hornet for 3 turns
  2445 | D:7      | Slain by a hornet

Skill      XL: |  1  2  3  4  5 |
---------------+----------------+-----
Unarmed Combat | 4 5 |  5.7
Throwing       | 1 2 3 |  3.1
Fighting       | |  2.4
Dodging        | |  2.4

Action                   |  1- 3 |  4- 6 || total
-------------------------+-------+-------++-------
Melee: Unarmed           |    92 |    88 ||   180
Invok: Berserk           |     1 |     2 ||     3
       Trog's Hand       |       |     1 ||     1
  Use: Scroll            |       |     3 ||     3
 Stab: Sleeping          |     1 |       ||     1
  Eat: Chunk             |    16 |    15 ||    31
Armor: Animal skin       |    30 |    18 ||    48
Dodge: Dodged            |    48 |    44 ||    92
